 Dungeon Crawl Stone Soup version 0.31-a0-1098-g6898e65 (webtiles) character file.

Game seed: 1542550275312409980

4 PidgeyThePirate the Sneak (level 1, -1/12 HPs)
             Began as a Kobold Brigand on Nov 30, 2023.
             Slain by a kobold
             ... wielding a +0 whip
              (5 damage)
             ... on level 1 of the Dungeon.
             The game lasted 00:00:11 (87 turns).

PidgeyThePirate the Sneak (Kobold Brigand)            Turns: 87, Time: 00:00:12

Health: -1/12      AC:  3    Str:  8    XL:     1   Next: 66%
Magic:  1/1        EV: 14    Int: 12    God:
Gold:   0          SH:  0    Dex: 16    Spells: 0/0 levels left

rFire   . . .        a - +2 dagger
rCold   . . .        (no shield)
rNeg    . . .        b - +0 robe
rPois   .            (no helmet)
rElec   .            c - +0 cloak
rCorr   .            (no gloves)
SInv    .            (no boots)
Will    .....        (no amulet)
Stlth   ++++         (no ring)
HPRegen 0.22/turn    (no ring)
MPRegen 0.07/turn

%: no passive effects
@: no status effects
A: small, no large weapons, nightstalker 3
a: no special abilities


You were on level 1 of the Dungeon.
You visited 1 branch of the dungeon, and saw 1 of its levels.

Inventory:

Hand Weapons
 a - a +2 dagger (weapon)
Missiles
 d - 9 poisoned darts (quivered)
 e - 3 curare-tipped darts
Armour
 b - a +0 robe (worn)
 c - a +0 cloak (worn)


   Skills:
 + Level 2.1 Fighting
 + Level 2.6 Short Blades
 + Level 2.1 Throwing
 + Level 1.2 Dodging
 + Level 5.7 Stealth


You couldn't memorise any spells.
You didn't know any spells.
Your spell library was empty.

Dungeon Overview and Level Annotations

Branches:
Dungeon (1/15)

Altars:


Innate Abilities, Weirdness & Mutations

You are small and have problems with some larger weapons.
You are completely attuned to the shadows.


Message History

An endoplasm comes into view.
Found a shiny kite shield.
The endoplasm quivers.
The helpless quokka fails to defend itself.
You impale the quokka!!
You kill the quokka!
The bat hits you but does no damage.
You hit the endoplasm.
The endoplasm is moderately wounded.
The bat closely misses you. The endoplasm hits you.
The endoplasm hits you but does no damage.
You hit the endoplasm.
The endoplasm is almost dead.
The endoplasm closely misses you.
You hit the endoplasm but do no damage.
The endoplasm is almost dead.
The endoplasm freezes you.
You are frozen.
You barely miss the endoplasm.
The endoplasm is almost dead.
The endoplasm freezes you.
You are frozen.
You hit the endoplasm.
You kill the endoplasm!
The bat barely misses you. x2
You hit the bat.
You kill the bat!
A kobold comes into view. It is wielding a +0 whip.
Found a scroll labelled ITUEMMOU VAUS.
You see here 5 stones.
You see here a scroll labelled VOONKA YRIAQ.
The kobold hits you but does no damage.
You see here a +2 kite shield.
You hit the kobold.
The kobold is moderately wounded.
The kobold hits you with a +0 whip.
You barely miss the kobold. The kobold closely misses you.
You barely miss the kobold. The kobold hits you but does no damage.
You hit the kobold but do no damage. The kobold hits you with a +0 whip.
You die...

###### #
.....############
#.#####.............
#?K@?(..########....
#.#####.............
# ...######.....
....# #..#.# ......
#..#.# #..... .##'#
.#... #.....


You could see a kobold.

Vanquished Creatures
  An endoplasm (D:1)
  A quokka (D:1)
  2 bats (D:1)
4 creatures vanquished.

Notes
Turn   | Place    | Note
-------+----------+-------------------------------------------
     0 | D:1      | PidgeyThePirate the Kobold Brigand began the quest for the
                  | Orb.
     0 | D:1      | Reached XP level 1. HP: 12/12 MP: 1/1
    87 | D:1      | Slain by a kobold

Illustrated notes

Levels and vault maps discovered:
D:1:      dpeg_arrival_houses_and_road, layout_loops_corners,
          minmay_pentomino_o2

Action                     || total
---------------------------++-------
  Melee: Dagger            ||    12
   Stab: Sleeping          ||     1
 Armour: Robe              ||     7
  Dodge: Dodged            ||     5

Table legend: (Time is in decaauts)
 A = Elapsed time spent in this place.
 B = Non-inter-level travel time spent in this place.
 C = Inter-level travel time spent in this place.
 D = Time resting spent in this place.
 E = Time spent auto-exploring this place.
 F = Levels seen in this place.
 G = Mean time per level.
                   A        B        C        D        E       F      G
               +--------+--------+--------+--------+--------+-----+--------+
         Total |     85 |     85 |      0 |      0 |     61 |   1 |   85.0 |
       Dungeon |     85 |     85 |      0 |      0 |     61 |   1 |   85.0 |
               +--------+--------+--------+--------+--------+-----+--------+

Top non-repeatable levels by time:
     D:1: 85 daAuts
